 Dungeon Crawl Stone Soup version 0.16-a0-2970-ge3807df (webtiles) character file.

2128 Johnny the Ducker (level 8, -11/67 HPs)
             Began as a Demigod Skald on Dec 5, 2014.
             Mangled by an orc knight
             ... wielding a +0 trident
              (19 damage)
             ... in a bailey.
             The game lasted 00:21:27 (8025 turns).

Johnny the Ducker (Demigod Skald)                   Turns: 8025, Time: 00:21:32

Health: -11/67     AC: 16    Str: 17    XL:     8   Next: 82%
Magic:  17/20      EV: 12    Int: 18    God:
Gold:   373        SH:  0    Dex: 17    Spells: 3 memorised, 7 levels left

rFire  . . .     SeeInvis .     a - +7 flail "Rioq" {speed, Str+2}
rCold  . . .     Clarity  .     j - +2 ring mail {rN+}
rNeg   + . .     SustAb   +     (no shield)
rPois  .         Gourm    .     f - +0 helmet
rElec  .         Spirit   .     (no cloak)
rCorr  .         Warding  .     q - +0 pair of gloves
rMut   .         Stasis   .     (no boots)
MR     .....                    v - amulet of faith
Stlth  +.........               (no ring)
                                t - +6 ring of protection

@: very slightly contaminated, not resistant to hostile enchantments, very
unstealthy
A: sustain abilities
a: no special abilities


You were in a bailey.
You were not hungry.

You visited 1 branch of the dungeon, and saw 7 of its levels.
You also visited: Sewer, Ossuary and Bailey.

You collected 581 gold pieces.
You spent 208 gold pieces at shops.

Inventory:

Hand weapons
 a - the +7 flail "Rioq" (weapon) {speed, Str+2}
   (You took it off an orc wizard on level 7 of the Dungeon)

   Attacks with this weapon are significantly faster.
   It affects your strength (+2).
 e - a +2 quarterstaff of crushing
 G - the +4 flail of the Other Side {crush, Int+3 Dex+1}
   (You took it off an orc on level 7 of the Dungeon)

   It inflicts extra damage upon your enemies.
   It affects your intelligence (+3).
   It affects your dexterity (+1).
Armour
 f - a +0 helmet (worn)
 j - a +2 ring mail of positive energy (worn)
 q - a +0 pair of gloves (worn)
 r - a +2 robe of magic resistance
 y - a +2 robe of magic resistance
Magical staves
 h - an uncursed staff of wizardry
Jewellery
 t - a +6 ring of protection (left hand)
 v - an amulet of faith (around neck)
Magical devices
 b - a wand of polymorph (0)
 H - a wand of magic darts (0)
Scrolls
 g - a scroll of identify
 i - 5 scrolls of recharging
 n - 9 scrolls of teleportation
 o - a scroll of noise
 u - 7 scrolls of remove curse
 D - a scroll of enchant armour
 F - 2 scrolls of amnesia
Potions
 k - a potion of curing
 l - a potion of mutation
 m - a potion of might
 p - 4 potions of brilliance
 x - 2 potions of flight
 A - a potion of resistance
 B - 2 potions of ambrosia
 C - 3 potions of poison
 E - 2 potions of heal wounds
 I - a potion of invisibility
Books
 c - a book of Battle

   Spells                             Type                      Level
   a - Infusion                       Charms                       1
   b - Shroud of Golubria             Charms/Translocation         2
   c - Song of Slaying                Charms                       2
   d - Spectral Weapon                Hexes/Charms                 3
   e - Regeneration                   Charms/Necromancy            3
Comestibles
 d - 5 bread rations
 s - 2 beef jerkies
 w - 3 meat rations
 z - 3 fruits
 J - a chunk of flesh


   Skills:
 * Level 4.7 Fighting
   Level 2.8 Axes
 + Level 2.2 Staves
 * Level 4.7 Armour
 * Level 4.8 Dodging
 + Level 3.1 Spellcasting
 + Level 4.1 Charms
 + Level 2.9 Necromancy
 + Level 2.4 Translocations
 + Level 1.5 Evocations


You had 7 spell levels left.
You knew the following spells:

 Your Spells              Type           Power        Failure   Level  Hunger
a - Infusion              Chrm           ###...       3%          1    None
b - Regeneration          Chrm/Necr      ###.......   14%         3    ###....
c - Shroud of Golubria    Chrm/Tloc      ##........   8%          2    ##.....


Dungeon Overview and Level Annotations

Branches:
Dungeon (7/15)             Temple (0/1) D:6

Shops:
D:6 ?


Innate Abilities, Weirdness & Mutations

Your attributes are resistant to harm.


Message History

The orc warrior hits you!
The orc knight hits you but does no damage.
Drink which item? (? for menu, Esc to quit)
Okay, then.
Casting: Shroud of Golubria
Confirm with . or Enter, or press ? or * to list all spells.
Space distorts slightly along a thin shroud covering your body.
The orc knight hits you but does no damage.
The orc warrior hits you but does no damage.
The orc knight hits you from afar with a trident!
Unknown command.
Read which item? (? for menu, Esc to quit)
Identify which item? (\ to view known items) (? for menu, Esc to quit)
As you read the scroll of identify, it crumbles to dust.
I - a potion of invisibility The orc knight hits you but does no damage.
The orc warrior hits you!
* * * LOW HITPOINT WARNING * * *
The orc knight hits you from afar with a trident!!
You die...

### ## ###
##∩######### #.##
...##.∩.##.....##..[#
≈≈..#..(#..≈≈≈..#o..#
o≈≈.......≈≈o≈≈.#..!#
oo≈.......≈ooo≈.@o..#
o≈≈.....(.≈≈o≈≈.#o..#
≈≈..#..(#..≈≈≈..#..?#
...##...##.....##..)#
### ##∩######### #.##
### ##


You could see 3 orc knights, 3 orc warriors and 2 orcs.

Vanquished Creatures
  Grinder (D:3)
  A wraith (D:4)
  Sigmund (D:5)
  Duvessa (D:5)
  2 centaurs (D:6)
  4 giant frogs
  2 elf skeletons (D:4)
  A wight (D:7)
  Dowan (D:5)
  2 vampire bats (D:4)
  A crimson imp (D:6)
  2 centaur skeletons (D:4)
  5 hounds
  A human zombie (D:4)
  3 iguanas
  2 jellies
  2 orc wizards
  An orc priest (D:3)
  5 worker ants
  Ijyb (D:4)
  Jessica (D:3)
  A mummy (Ossuary)
  4 gnolls (D:3)
  A river rat (D:6)
  6 adders
  2 giant mites
  3 worms (Sewer)
  An adder skeleton (D:6)
  5 giant geckos
  3 oozes
  15 orcs
  14 bats
  5 bat skeletons (D:4)
  A bat zombie (D:4)
  5 giant cockroaches
  15 goblins
  12 hobgoblins
  14 kobolds
  2 quokkas
  9 ball pythons
  A giant gecko zombie (D:5)
  2 giant newts (D:2)
  5 gnoll skeletons (Ossuary)
  21 jackals
  A jackal zombie (D:5)
  5 kobold skeletons (Ossuary)
  15 orc skeletons (Ossuary)
  3 orc zombies (D:4)
  14 rats
  A ballistomycete (D:6)
  A plant (D:2)
227 creatures vanquished.

Vanquished Creatures (others)
  A giant spore (D:6)
1 creature vanquished.

Grand Total: 228 creatures vanquished

Notes
Turn   | Place    | Note
--------------------------------------------------------------
     0 | D:1      | Johnny, the Demigod Skald, began the quest for the Orb.
     0 | D:1      | Reached XP level 1. HP: 17/17 MP: 3/3
    14 | D:1      | Reached skill level 1 in Armour
    73 | D:1      | Reached skill level 1 in Dodging
   526 | D:1      | Reached XP level 2. HP: 24/24 MP: 4/4
   832 | D:2      | HP: 1/24 [poisoned by an adder]
  1520 | D:2      | Reached XP level 3. HP: 26/29 MP: 7/7
  1654 | D:2      | Found a sacrificial altar of Ru.
  1890 | D:2      | Found an opulent altar of Gozag.
  1890 | D:2      | Found a glowing silver altar of Zin.
  1976 | D:2      | Learned a level 3 spell: Regeneration
  2029 | D:3      | Reached skill level 3 in Charms
  2029 | D:3      | Reached XP level 4. HP: 32/36 MP: 6/10
  2064 | D:3      | Noticed Jessica
  2084 | D:3      | Killed Jessica
  2485 | D:3      | Reached XP level 5. HP: 35/42 MP: 2/12
  2660 | D:3      | Noticed Grinder
  3237 | D:3      | Paralysed by Grinder for 3 turns
  3246 | D:3      | Paralysed by Grinder for 7 turns
  3270 | D:3      | Paralysed by Grinder for 5 turns
  3278 | D:3      | Killed Grinder
  3278 | D:3      | Reached skill level 1 in Necromancy
  3278 | D:3      | Reached XP level 6. HP: 23/51 MP: 10/15
  3369 | D:3      | Learned a level 2 spell: Shroud of Golubria
  3546 | D:3      | Noticed a giant frog
  3551 | D:3      | Killed a giant frog
  3863 | D:4      | Noticed Ijyb
  3871 | D:4      | Killed Ijyb
  3946 | D:4      | Reached XP level 7. HP: 57/57 MP: 17/17
  3948 | D:4      | Found a sand-covered staircase.
  3953 | Ossuary  | Entered an ossuary
  3953 | Ossuary  | Noticed a wraith
  3953 | Ossuary  | Noticed a wraith
  3953 | Ossuary  | Noticed a wraith
  3969 | Ossuary  | Reached skill level 1 in Translocations
  3995 | Ossuary  | Noticed a wraith
  4249 | D:4      | Killed a wraith
  4766 | D:4      | Found an ancient bone altar of Kikubaaqudgha.
  5290 | D:4      | Found a bloodstained altar of Trog.
  5295 | D:4      | Found an iron altar of Okawaru.
  5298 | D:4      | Found a glowing golden altar of the Shining One.
  5346 | D:4      | Reached skill level 4 in Dodging
  5360 | D:4      | Reached skill level 1 in Staves
  5482 | D:5      | Entered Level 5 of the Dungeon
  5604 | D:5      | Noticed Duvessa
  5604 | D:5      | Noticed Dowan
  5622 | D:5      | Killed Duvessa
  5719 | D:5      | Killed Dowan
  5719 | D:5      | Reached XP level 8. HP: 58/66 MP: 11/18
  5736 | D:5      | Noticed Sigmund
  5753 | D:5      | Killed Sigmund
  6218 | D:5      | Found a blossoming altar of Fedhas.
  6444 | D:6      | Found a glowing drain.
  6465 | Sewer    | Entered a sewer
  7197 | D:6      | Reached skill level 1 in Evocations
  7365 | D:6      | Found Ruupnyum's Magic Scroll Shop.
  7369 | D:6      | Bought a scroll of teleportation for 33 gold pieces
  7369 | D:6      | Bought a scroll of amnesia for 38 gold pieces
  7369 | D:6      | Bought a scroll of teleportation for 33 gold pieces
  7369 | D:6      | Bought a scroll of identify for 22 gold pieces
  7457 | D:6      | Found a staircase to the Ecumenical Temple.
  7815 | D:6      | Bought a scroll of enchant weapon for 82 gold pieces
  7863 | D:7      | Got a jewelled flail
  7866 | D:7      | Got a twisted flail
  7940 | D:7      | Found a flagged portal.
  7985 | Bailey   | Entered a bailey
  7985 | Bailey   | Noticed an orc knight
  7986 | Bailey   | Noticed an orc knight
  7997 | Bailey   | Identified the +7 flail "Rioq" {speed, Str+2} (You took it off an orc wizard on level 7 of the Dungeon)
  7998 | Bailey   | Identified the +4 flail of the Other Side {crush, Int+3 Dex+1} (You took it off an orc on level 7 of the Dungeon)
  8019 | Bailey   | Noticed an orc knight
  8019 | Bailey   | Noticed an orc knight
  8025 | Bailey   | Mangled by an orc knight

Action                   |  1- 3 |  4- 6 |  7- 9 || total
-------------------------+-------+-------+-------++-------
Melee: Hand axe          |   198 |   136 |       ||   334
       Quarterstaff      |       |    65 |   438 ||   503
       Unarmed           |       |       |    13 ||    13
 Cast: Infusion          |     4 |    14 |    14 ||    32
       Regeneration      |       |     1 |     1 ||     2
       Shroud of Golubri |       |       |    10 ||    10
Evoke: Wand              |       |       |    10 ||    10
  Use: Potion            |       |     7 |     3 ||    10
       Scroll            |       |     9 |    12 ||    21
  Eat: Chunk             |     3 |     7 |    15 ||    25
       Fruit             |       |       |     1 ||     1
